 Dungeon Crawl Stone Soup version 0.28-a0-241-gfbb0926a3a (webtiles) character file.

Game seed: 10628591749316769730

39 PentaManta the Cutter (level 3, 0/19 HPs)
             Began as a Spriggan Berserker on Aug 24, 2021.
             Was a Believer of Trog.
             Slain by a worm (4 damage)
             ... on level 2 of the Dungeon.
             The game lasted 00:01:18 (1114 turns).

PentaManta the Cutter (Spriggan Berserker)          Turns: 1114, Time: 00:01:19

Health: 0/19       AC:  6    Str: 13    XL:     3   Next: 26%
Magic:  4/4        EV: 16    Int:  8    God:    Trog [**....]
Gold:   52         SH:  0    Dex: 21    Spells: 2/2 levels left

rFire   . . .      SeeInvis +   a - +0 short sword
rCold   . . .      Faith    .   (shield restricted)
rNeg    . . .      Spirit   .   b - +0 animal skin
rPois   .          Reflect  .   (helmet restricted)
rElec   .          Harm     .   (no cloak)
rCorr   .          Rampage  .   (gloves unavailable)
Will    .....                   (boots unavailable)
Stlth   ++........              (no amulet)
HPRegen 0.06/turn               d - +6 ring of dexterity
MPRegen 0.09/turn               g - +4 ring of protection

@: constricted, very quick
A: very small, no large weapons, unfitting armour, see invisible, speed 3
a: Renounce Religion, Berserk, Trog's Hand


You were on level 2 of the Dungeon.
You worshipped Trog.
Trog was pleased with you.
You visited 1 branch of the dungeon, and saw 2 of its levels.

You collected 52 gold pieces.

Inventory:

Hand Weapons
 a - a +0 short sword (weapon)
Armour
 b - a +0 animal skin (worn)
Jewellery
 d - a +6 ring of dexterity (left hand)
 g - a +4 ring of protection (right hand)
Scrolls
 f - 2 scrolls of identify {unknown}
Potions
 c - a potion of might {unknown}
 e - 2 potions of berserk rage {unknown}


   Skills:
 - Level 2.4 Fighting
 + Level 4.9 Short Blades
 - Level 4.0 Dodging


You had 2 spell levels left.
You didn't know any spells.
Your spell library was empty.

Dungeon Overview and Level Annotations

Branches:
Dungeon (2/15)

Altars:


Innate Abilities, Weirdness & Mutations

You are very small and have problems with some larger weapons.
You are too small for most types of armour.
You have supernaturally acute eyesight. (SInv)
You cover ground extremely quickly. (Speed+++)


Message History

The ball python misses you. The ball python closely misses you.
The ball python bites you but does no damage.
The ball python misses you.
You barely miss the worm.
The worm is moderately wounded.
The worm completely misses you.
You hit the worm.
The worm is moderately wounded.
The ball python misses you. The ball python barely misses you.
You hit the worm.
The worm is severely wounded.
The ball python barely misses you. The ball python closely misses you.
The worm closely misses you. The ball python barely misses you.
The ball python closely misses you.
You hit the worm but do no damage.
The worm is heavily wounded.
The ball python misses you. The ball python grabs you.
The ball python constricts you.
The ball python bites you but does no damage.
You barely miss the ball python. The ball python closely misses you.
The ball python constricts you. The worm bites you.
The ball python closely misses you.
The ball python bites you but does no damage.
The ball python constricts you.
You closely miss the ball python. The ball python bites you.
The ball python barely misses you. The ball python constricts you.
You barely miss the ball python. The ball python misses you.
The ball python barely misses you. The ball python constricts you.
The dart slug closely misses you.
You closely miss the ball python. The ball python closely misses you.
The ball python misses you. The ball python constricts you.
You hit the ball python.
You kill the ball python!
Trog accepts your kill. The ball python misses you. The ball python grabs you.
The ball python constricts you. The worm bites you.
* * * LOW HITPOINT WARNING * * *
The dart slug bites you but does no damage.
The worm bites you.
You die...

..........# ..........#
..........# ..........#
..........####
#............
......ww..# ......S@..#
......w...###
............# +### #
≈≈≈≈≈.....#.####.#.###.
.≈≈......##....#.......
..≈.....######..##..#
..≈..#### ##..#.# #...#
##...## # ### ##...###.


You could see 2 worms, a dart slug and a ball python.

Vanquished Creatures
  3 dart slugs
  4 ball pythons
  A bat (D:1)
  3 endoplasms (D:1)
  2 giant cockroaches (D:1)
  A hobgoblin (D:1)
  6 jackals
  A kobold (D:1)
  A quokka (D:2)
  4 goblins
  3 rats
29 creatures vanquished.

Notes
Turn   | Place    | Note
-------+----------+-------------------------------------------
     0 | D:1      | PentaManta the Spriggan Berserker began the quest for the
                  | Orb.
     0 | D:1      | Reached XP level 1. HP: 11/11 MP: 2/2
   195 | D:1      | Reached XP level 2. HP: 16/16 MP: 3/3
   856 | D:2      | Reached XP level 3. HP: 14/19 MP: 4/4
   942 | D:2      | Reached ** piety under Trog
  1114 | D:2      | Slain by a worm

Illustrated notes

Levels and vault maps discovered:
D:1:      nzn_arrival_settlement, layout_loops_ring
D:2:      layout_rooms, serial_rivers, chequers_serial_rivers_micro_c,
          chequers_serial_rivers_room_b, chequers_serial_rivers_micro_e,
          chequers_serial_rivers_micro_b, chequers_serial_rivers_small_b,
          chequers_serial_rivers_micro_c, uniq_jessica, uniq_terence

Skill      XL: |  1 |
---------------+----+-----
Short Blades   | 4 |  4.9
Fighting       | |  2.4
Dodging        | |  4.0

Action                   || total
-------------------------++-------
Melee: Short sword       ||   105
 Stab: Sleeping          ||     2
Armor: Animal skin       ||    11
Dodge: Dodged            ||    89

Table legend: (Time is in decaauts)
 A = Elapsed time spent in this place.
 B = Non-inter-level travel time spent in this place.
 C = Inter-level travel time spent in this place.
 D = Time resting spent in this place.
 E = Time spent auto-exploring this place.
 F = Levels seen in this place.
 G = Mean time per level.
                   A        B        C        D        E       F      G
               +--------+--------+--------+--------+--------+-----+--------+
         Total |    796 |    787 |      9 |      0 |    626 |   2 |  398.0 |
       Dungeon |    796 |    787 |      9 |      0 |    626 |   2 |  398.0 |
               +--------+--------+--------+--------+--------+-----+--------+

Top non-repeatable levels by time:
     D:1: 570 daAuts
     D:2: 226 daAuts
